[ PARTIDA AOE2 · #505585002 ]
UnrankedVietnamitas vs Teutons
Equipo del jugador · DERR
Equipo rival · VICT
[ ANÁLISIS DE REPETICIÓN · EXTRAÍDO DE LA PARTIDA GRABADA ]
Feudal
10:48
Castillos
20:09
Imperial
—
| APM promedio | 23.9 |
| APM pico | 41 |
| eAPM promedio | 18.1 |
| Aldeanos / militares | 83 / 6 |
Foco
⚔️ 21.4% · 🌾 78.6%
Fishing Ship ×4 · Mangonel ×3 · Battering Ram ×3
Feudal
9:40
Castillos
25:54
Imperial
—
| APM promedio | 37.4 |
| APM pico | 77 |
| eAPM promedio | 24.3 |
| Aldeanos / militares | 72 / 4 |
Foco
⚔️ 33.9% · 🌾 66.1%
Teutonic Knight ×4
Mapa de la partida
Recursos iniciales + cada clic de construcción. Líneas = muros · curvas = relieve. ◆ oro · ⬟ piedra · ● bayas · ✦ reliquia · ◌ hueco del cierre
Tu base· ✓ Cerrada en 20:09 · 27t muro · 2 puerta(s)
Base de eloty· Abierta — el rival se encerró
Terreno inicial suavizado · ◌ = hueco del cierre detectado · pasá el cursor para detalles
Inputs por minuto
— feraoe - - eloty
Build order — feraoe
Primeras 150 de 160 acciones detectadas
| 0:00 | Encolar | Villager (Male) |
| 0:01 | Encolar | Villager (Male) |
| 0:01 | Encolar | Villager (Male) |
| 0:02 | Construir | House |
| 0:03 | Construir | House |
| 0:33 | Encolar | Villager (Male) |
| 0:40 | Construir | Palisade Wall |
| 1:40 | Encolar | Villager (Male) |
| 2:02 | Encolar | Villager (Male) |
| 2:27 | Encolar | Villager (Male) |
| 2:45 | Encolar | Villager (Male) |
| 2:50 | Construir | Lumber Camp |
| 3:16 | Encolar | Villager (Male) |
| 3:43 | Encolar | Villager (Male) |
| 3:51 | Construir | House |
| 4:03 | Encolar | Villager (Male) |
| 4:24 | Construir | Palisade Wall |
| 4:26 | Construir | Palisade Wall |
| 4:29 | Encolar | Villager (Male) |
| 4:49 | Encolar | Villager (Male) |
| 5:05 | Encolar | Villager (Male) |
| 5:27 | Encolar | Villager (Male) |
| 5:41 | Construir | House |
| 6:04 | Encolar | Villager (Male) |
| 6:19 | Encolar | Villager (Male) |
| 6:26 | Construir | Dock |
| 6:48 | Encolar | Villager (Male) |
| 7:08 | Construir | House |
| 7:16 | Encolar | Villager (Male) |
| 7:23 | Encolar | Fishing Ship |
| 7:27 | Encolar | Fishing Ship |
| 8:01 | Encolar | Villager (Male) |
| 8:20 | Construir | Mining Camp |
| 8:23 | Investigar | Loom |
| 8:38 | Investigar | Feudal Age |
| 9:25 | Encolar | Fishing Ship |
| 9:53 | Construir | Mill |
| 9:55 | Encolar | Fishing Ship |
| 10:28 | Encolar | Villager (Male) |
| 10:28 | Encolar | Villager (Male) |
| 10:48 | Edad | Edad Feudal |
| 10:51 | Construir | Gate |
| 10:54 | Construir | Stone Wall |
| 11:01 | Construir | Gate |
| 11:07 | Construir | Stone Wall |
| 11:11 | Encolar | Villager (Male) |
| 11:36 | Construir | Blacksmith |
| 11:39 | Construir | Mining Camp |
| 11:41 | Construir | House |
| 11:43 | Investigar | Loom |
| 12:00 | Construir | Watch Tower |
| 12:34 | Encolar | Villager (Male) |
| 13:10 | Encolar | Villager (Male) |
| 13:12 | Construir | Palisade Wall |
| 13:13 | Construir | Barracks |
| 13:35 | Encolar | Villager (Male) |
| 13:49 | Construir | Watch Tower |
| 13:58 | Construir | Watch Tower |
| 14:00 | Encolar | Villager (Male) |
| 14:27 | Encolar | Villager (Male) |
| 14:48 | Construir | House |
| 14:50 | Construir | House |
| 15:09 | Encolar | Villager (Male) |
| 15:19 | Construir | Blacksmith |
| 15:57 | Construir | Market |
| 16:08 | Construir | House |
| 17:29 | Investigar | Castle Age |
| 17:50 | Construir | Fish Trap |
| 18:14 | Construir | House |
| 18:17 | Construir | House |
| 18:33 | Construir | Fish Trap |
| 18:37 | Construir | Fish Trap |
| 18:43 | Construir | Fish Trap |
| 19:18 | Encolar | Villager (Male) |
| 19:37 | Construir | House |
| 19:44 | Construir | Watch Tower |
| 20:09 | Edad | Edad de los Castillos |
| 20:16 | Construir | Siege Workshop |
| 20:39 | Encolar | Villager (Male) |
| 20:45 | Encolar | Battering Ram |
| 21:01 | Investigar | Double-Bit Axe |
| 21:19 | Encolar | Villager (Male) |
| 21:44 | Encolar | Villager (Male) |
| 22:01 | Construir | Town Center |
| 22:19 | Construir | Lumber Camp |
| 22:40 | Encolar | Villager (Male) |
| 22:41 | Encolar | Villager (Male) |
| 23:51 | Encolar | Villager (Male) |
| 23:52 | Encolar | Villager (Male) |
| 24:31 | Encolar | Villager (Male) |
| 24:34 | Encolar | Villager (Male) |
| 24:49 | Encolar | Mangonel |
| 24:56 | Construir | Farm |
| 24:56 | Construir | Farm |
| 24:56 | Construir | Farm |
| 24:57 | Construir | Farm |
| 24:57 | Construir | Farm |
| 25:05 | Construir | Farm |
| 25:19 | Construir | Watch Tower |
| 25:29 | Encolar | Villager (Male) |
| 26:04 | Encolar | Villager (Male) |
| 26:05 | Encolar | Villager (Male) |
| 26:14 | Encolar | Villager (Male) |
| 26:14 | Encolar | Villager (Male) |
| 26:37 | Encolar | Villager (Male) |
| 26:39 | Encolar | Battering Ram |
| 27:07 | Encolar | Villager (Male) |
| 27:29 | Encolar | Villager (Male) |
| 27:29 | Encolar | Villager (Male) |
| 27:49 | Encolar | Mangonel |
| 28:03 | Investigar | Fletching |
| 28:23 | Encolar | Villager (Male) |
| 28:24 | Encolar | Villager (Male) |
| 29:09 | Encolar | Battering Ram |
| 29:19 | Encolar | Villager (Male) |
| 29:20 | Encolar | Villager (Male) |
| 31:35 | Encolar | Villager (Male) |
| 31:35 | Encolar | Villager (Male) |
| 31:48 | Encolar | Villager (Male) |
| 32:46 | Encolar | Villager (Male) |
| 32:46 | Encolar | Villager (Male) |
| 33:10 | Encolar | Villager (Male) |
| 33:10 | Encolar | Villager (Male) |
| 33:40 | Encolar | Villager (Male) |
| 33:41 | Encolar | Villager (Male) |
| 34:06 | Encolar | Mangonel |
| 34:12 | Encolar | Villager (Male) |
| 34:37 | Encolar | Villager (Male) |
| 35:59 | Encolar | Villager (Male) |
| 35:59 | Encolar | Villager (Male) |
| 37:01 | Encolar | Villager (Male) |
| 37:38 | Encolar | Villager (Male) |
| 37:39 | Encolar | Villager (Male) |
| 37:39 | Encolar | Villager (Male) |
| 37:48 | Encolar | Villager (Male) |
| 37:48 | Encolar | Villager (Male) |
| 38:12 | Encolar | Villager (Male) |
| 38:12 | Encolar | Villager (Male) |
| 38:12 | Encolar | Villager (Male) |
| 38:34 | Construir | House |
| 39:11 | Encolar | Villager (Male) |
| 39:11 | Encolar | Villager (Male) |
| 39:11 | Encolar | Villager (Male) |
| 39:58 | Encolar | Villager (Male) |
| 39:58 | Encolar | Villager (Male) |
| 40:05 | Construir | House |
| 40:12 | Construir | Farm |
| 40:15 | Construir | Farm |
| 41:05 | Construir | Farm |
| 41:06 | Construir | Farm |
Build order — eloty
130 acciones detectadas en el replay
| 0:00 | Encolar | Villager (Male) |
| 0:02 | Construir | House |
| 0:03 | Construir | House |
| 0:17 | Investigar | Loom |
| 0:25 | Encolar | Villager (Male) |
| 0:54 | Encolar | Villager (Male) |
| 1:17 | Encolar | Villager (Male) |
| 1:38 | Encolar | Villager (Male) |
| 2:27 | Encolar | Villager (Male) |
| 2:33 | Construir | Lumber Camp |
| 2:45 | Encolar | Villager (Male) |
| 3:16 | Encolar | Villager (Male) |
| 3:31 | Encolar | Villager (Male) |
| 3:59 | Construir | House |
| 4:06 | Encolar | Villager (Male) |
| 4:24 | Construir | Palisade Wall |
| 4:33 | Encolar | Villager (Male) |
| 4:36 | Encolar | Villager (Male) |
| 5:16 | Encolar | Villager (Male) |
| 5:47 | Encolar | Villager (Male) |
| 6:13 | Encolar | Villager (Male) |
| 6:21 | Encolar | Villager (Male) |
| 6:24 | Construir | Mining Camp |
| 7:30 | Investigar | Feudal Age |
| 7:30 | Investigar | Feudal Age |
| 8:57 | Construir | House |
| 9:40 | Edad | Edad Feudal |
| 9:54 | Construir | Watch Tower |
| 10:13 | Encolar | Villager (Male) |
| 10:24 | Construir | Blacksmith |
| 10:28 | Encolar | Villager (Male) |
| 10:45 | Encolar | Villager (Male) |
| 11:23 | Encolar | Villager (Male) |
| 11:58 | Construir | Watch Tower |
| 11:59 | Encolar | Villager (Male) |
| 12:04 | Construir | Palisade Wall |
| 12:09 | Encolar | Villager (Male) |
| 12:13 | Construir | Palisade Wall |
| 12:15 | Construir | Palisade Wall |
| 13:01 | Encolar | Villager (Male) |
| 13:13 | Encolar | Villager (Male) |
| 13:25 | Encolar | Villager (Male) |
| 13:47 | Encolar | Villager (Male) |
| 13:51 | Construir | House |
| 13:52 | Encolar | Villager (Male) |
| 13:56 | Encolar | Villager (Male) |
| 14:23 | Construir | Watch Tower |
| 14:28 | Encolar | Villager (Male) |
| 14:55 | Investigar | Fletching |
| 14:57 | Encolar | Villager (Male) |
| 14:59 | Construir | House |
| 15:32 | Encolar | Villager (Male) |
| 15:37 | Construir | Mill |
| 16:07 | Construir | Watch Tower |
| 16:42 | Encolar | Villager (Male) |
| 17:05 | Construir | Watch Tower |
| 17:07 | Encolar | Villager (Male) |
| 17:48 | Encolar | Villager (Male) |
| 18:31 | Construir | House |
| 19:22 | Construir | Farm |
| 19:23 | Construir | Farm |
| 19:23 | Encolar | Villager (Male) |
| 19:25 | Construir | Farm |
| 19:26 | Construir | Farm |
| 20:16 | Encolar | Villager (Male) |
| 20:18 | Construir | Farm |
| 20:20 | Construir | Farm |
| 20:39 | Construir | Watch Tower |
| 20:53 | Encolar | Villager (Male) |
| 20:57 | Construir | Farm |
| 20:58 | Construir | Farm |
| 20:59 | Construir | Farm |
| 21:29 | Construir | Farm |
| 21:32 | Construir | Farm |
| 21:32 | Encolar | Villager (Male) |
| 21:33 | Encolar | Villager (Male) |
| 22:01 | Construir | House |
| 22:37 | Construir | Market |
| 22:41 | Encolar | Villager (Male) |
| 22:55 | Construir | Watch Tower |
| 23:14 | Investigar | Castle Age |
| 23:55 | Construir | Watch Tower |
| 23:58 | Construir | House |
| 24:11 | Construir | Palisade Wall |
| 24:54 | Construir | Watch Tower |
| 25:54 | Edad | Edad de los Castillos |
| 25:55 | Construir | Outpost |
| 25:56 | Encolar | Villager (Male) |
| 26:26 | Investigar | Bodkin Arrow |
| 26:35 | Encolar | Villager (Male) |
| 26:39 | Encolar | Villager (Male) |
| 27:10 | Construir | Watch Tower |
| 27:15 | Encolar | Villager (Male) |
| 27:51 | Encolar | Villager (Male) |
| 28:05 | Construir | Mining Camp |
| 28:06 | Encolar | Villager (Male) |
| 28:14 | Investigar | Stone Mining |
| 30:02 | Encolar | Villager (Male) |
| 30:04 | Encolar | Villager (Male) |
| 31:21 | Encolar | Villager (Male) |
| 31:35 | Encolar | Villager (Male) |
| 31:53 | Encolar | Villager (Male) |
| 32:23 | Encolar | Villager (Male) |
| 32:48 | Encolar | Villager (Male) |
| 33:17 | Encolar | Villager (Male) |
| 33:48 | Encolar | Villager (Male) |
| 35:05 | Construir | Castle |
| 36:16 | Construir | Castle |
| 36:43 | Encolar | Villager (Male) |
| 36:43 | Encolar | Villager (Male) |
| 37:39 | Construir | Castle |
| 37:45 | Encolar | Villager (Male) |
| 37:50 | Encolar | Villager (Male) |
| 39:04 | Encolar | Villager (Male) |
| 39:28 | Encolar | Villager (Male) |
| 39:38 | Encolar | Villager (Male) |
| 39:52 | Encolar | Villager (Male) |
| 40:07 | Encolar | Villager (Male) |
| 40:08 | Encolar | Villager (Male) |
| 40:48 | Encolar | Villager (Male) |
| 41:04 | Encolar | Teutonic Knight |
| 41:05 | Encolar | Teutonic Knight |
| 41:26 | Encolar | Villager (Male) |
| 42:01 | Encolar | Villager (Male) |
| 42:30 | Encolar | Villager (Male) |
| 42:30 | Encolar | Villager (Male) |
| 42:31 | Encolar | Villager (Male) |
| 42:39 | Encolar | Villager (Male) |
| 42:49 | Encolar | Teutonic Knight |
| 42:50 | Encolar | Teutonic Knight |
Cronología de la partida
| 0:40 | feraoe · wall_segment Palisade Wall x12 |
| 4:24 | eloty · wall_segment Palisade Wall x1 |
| 4:24 | feraoe · wall_segment Palisade Wall x8 |
| 4:26 | feraoe · wall_segment Palisade Wall x12 |
| 6:26 | feraoe · first_building Dock |
| 9:40 | eloty · age_up feudal |
| 10:48 | feraoe · age_up feudal |
| 10:54 | feraoe · wall_segment Stone Wall x1 |
| 11:07 | feraoe · wall_segment Stone Wall x1 |
| 12:04 | eloty · wall_segment Palisade Wall x1 |
| 12:13 | eloty · wall_segment Palisade Wall x1 |
| 12:15 | eloty · wall_segment Palisade Wall x1 |
| 13:12 | feraoe · wall_segment Palisade Wall x1 |
| 13:13 | feraoe · first_building Barracks |
| 16:42 | feraoe · first_market_sell 100 stone |
| 16:54 | feraoe · first_market_buy 100 food |
| 20:09 | feraoe · age_up castle |
| 20:16 | feraoe · first_building Siege Workshop |
| 23:06 | eloty · first_market_sell 100 food |
| 24:11 | eloty · wall_segment Palisade Wall x1 |
| 25:54 | eloty · age_up castle |
| 35:05 | eloty · first_building Castle |
| 43:13 | feraoe · resign |
[ ANÁLISIS IA · 1 CRÉDITO ]
¿Qué pasó realmente en esta partida?
Wolo.gg analiza cada decisión: build order, eco, micro, errores típicos por bracket. Análisis personalizado por WhatsApp o Discord en 30 segundos.
Guía civ
Vietnamitas
Perfil
feraoe